 Dungeon Crawl Stone Soup version 0.19.1 (webtiles) character file.

4160 dajomu the Carver (level 10, -3/86 HPs)
             Began as a Minotaur Fighter on Dec 12, 2016.
             Was an Initiate of Makhleb.
             Slain by a yak (10 damage)
             ... on level 1 of the Lair of Beasts.
             The game lasted 00:54:58 (7878 turns).

dajomu the Carver (Minotaur Fighter)                Turns: 7878, Time: 00:54:58

Health: -3/86      AC: 10    Str: 21      XL:     10   Next: 7%
Magic:  28/28      EV: 13    Int:  6      God:    Makhleb [......]
Gold:   1325       SH: 12    Dex: 14 (16) Spells: 0 memorised, 9 levels left

rFire  x . .     SeeInvis +     s - +10 dagger "Kipt" {pain, rC+ rN+ MP+9}
rCold  + + .     Gourm    .     D - +4 leather armour "Zuawn" {*Contam MP+9 Dex+4 SInv}
rNeg   + . .     Faith    +     h - +0 shield
rPois  +         Spirit   .     (helmet restricted)
rElec  .         Reflect  .     (no cloak)
rCorr  .         Harm     .     (no gloves)
MR     .....                    n - +0 pair of boots
Stlth  ++........               y - amulet of faith
                                r - ring of ice
                                B - ring of poison resistance

@: about to teleport
A: retaliatory headbutt, horns 2, deterioration 1, shaggy fur 1, wild magic 1
a: Renounce Religion


You were on level 1 of the Lair of Beasts.
You worshipped Makhleb.
Makhleb was noncommittal.
You were not hungry.

You visited 3 branches of the dungeon, and saw 10 of its levels.
You also visited: Sewer.

You collected 1325 gold pieces.

Inventory:

Hand Weapons
 a - a +0 long sword
 c - a cursed -1 hand crossbow
 i - a +2 war axe of venom
 l - a +0 short sword of venom
 m - a +0 quarterstaff of freezing
 s - the +10 dagger "Kipt" (weapon) {pain, rC+ rN+ MP+9}
   (You found it on level 4 of the Dungeon)

   In the hands of one skilled in necromantic magic, it inflicts extra damage on
   living creatures.
   It protects you from cold.
   It protects you from negative energy.
   It affects your magic capacity (+9).
 C - a +2 vampiric hand axe
 Q - a +3 whip
Armour
 b - a +1 scale mail
 h - a +0 shield (worn)
 n - a +0 pair of boots (worn)
 u - a +1 robe of cold resistance
 z - a +2 leather armour of magic resistance
 D - the +4 leather armour "Zuawn" (worn) {*Contam MP+9 Dex+4 SInv}
   (You found it on level 5 of the Dungeon)

   It affects your dexterity (+4).
   It affects your magic capacity (+9).
   It lets you see invisible.
   It causes magical contamination when unequipped.
Magical Staves
 K - an uncursed staff of power {unknown}
Jewellery
 k - an uncursed ring of ice
 r - a ring of ice (right hand)
 y - an amulet of faith (around neck)
 B - a ring of poison resistance (left hand)
Wands
 t - a wand of iceblast (0/15)
 N - a wand of flame (22/48)
Scrolls
 f - 3 scrolls of remove curse
 g - a scroll of amnesia
 I - a scroll of noise
Potions
 d - 2 potions of might
 o - a potion of heal wounds {unknown}
 p - a potion of lignification {unknown}
 q - 2 potions of brilliance
 v - a potion of magic
 w - a potion of resistance {unknown}
 x - 2 potions of haste
 A - 2 potions of flight {unknown}
 F - a potion of beneficial mutation {unknown}
 H - a potion of degeneration {unknown}
 P - 2 potions of curing
Comestibles
 j - a bread ration


   Skills:
 + Level 7.4 Fighting
 + Level 2.8(6.5) Short Blades
 + Level 10.0(10.2) Long Blades
 + Level 6.6 Armour
 + Level 4.9 Dodging
 + Level 2.6 Stealth
 + Level 9.3 Shields
 + Level 1.6 Evocations


You had 9 spell levels left.
You didn't know any spells.

Dungeon Overview and Level Annotations

Branches:
Dungeon (8/15)             Temple (1/1) D:7            Lair (1/6) D:8

Altars:
Cheibriados
Dithmenos
Elyvilon
Fedhas
Gozag
Hepliaklqana
Kikubaaqudgha
Makhleb
Nemelex Xobeh
Okawaru
Qazlal
Sif Muna
Trog
Uskayaw
Vehumet
Xom
Zin
The Shining One

Annotations:
Lair:1 Erica


Innate Abilities, Weirdness & Mutations

You reflexively headbutt those who attack you in melee.
You have a pair of horns on your head.
Your body sometimes deteriorates upon taking damage.
You are covered in fur. (AC +1)
Your spells are a little harder to cast, but a little more powerful.


Message History

The yak rages.
You puncture the yak! You headbutt the yak.
The yak is severely wounded.
You block the yak's attack.
You barely miss the yak.
The yak is severely wounded.
You block the yak's attack. The yak gores you!
* * * LOW HITPOINT WARNING * * *
Your body deteriorates!
You feel clumsy.
You hit the yak but do no damage.
The yak is severely wounded.
The yak gores you!!
* * * LOW HITPOINT WARNING * * *
Unknown command.
Okay, then.
As you read the scroll of teleportation, it crumbles to dust.
You feel strangely unstable.
The yak rages.
The yak gores you!
You die...

#+ ##.. ## .## ##.. .##
###+.###### #..# ..#
#.>.......#####.##### ..#
##........# #.#....!.#
..###.........###YY.÷....##
....##.÷......##@Y#..Y÷...#
..#..#........##Y##.YYh....#
..##.#........##@##...Y...[.#
..##.#........#..[#...Y..$#....
..##.#........#.###......######
..##..........'.# ####.##.#
..###P........### ### ## ###
###.####.## ### ###


You could see Erica (invisible) and 4 yaks.

Vanquished Creatures
  A hydra (D:8)
  Fannar (Lair:1)
  A yak (D:6)
  The ghost of dajomu the Slasher, an amateur HEFi of Fedhas (D:4)
  Menkaure (D:5)
  A sky beast (D:6)
  An orc warrior (D:7)
  6 wolves (Lair:1)
  3 ogres
  A crocodile (Lair:1)
  4 bullfrogs
  A scorpion (D:6)
  A howler monkey (D:7)
  2 crimson imps
  A quasit (D:6)
  A centaur zombie (D:7)
  A jelly (D:6)
  5 orc priests
  4 bullfrog skeletons
  A centaur skeleton (D:5)
  4 orc wizards
  3 iguanas
  5 worker ants
  A howler monkey zombie (D:6)
  Robin (D:2)
  A worker ant zombie (D:6)
  10 adders
  A shadow imp (D:6)
  An ooze (D:4)
  An adder zombie (D:6)
  2 worms
  2 dart slugs
  8 leopard geckos
  20 orcs
  12 giant cockroaches
  8 hobgoblins
  8 jackals
  5 quokkas
  3 ball pythons
  9 bats
  7 frilled lizards
  13 goblins
  9 kobolds
  A leopard gecko skeleton (D:6)
  A leopard gecko zombie (D:5)
  A quokka skeleton (D:4)
  5 rats
  A fungus (D:8)
181 creatures vanquished.

Notes
Turn   | Place    | Note
-------+----------+-------------------------------------------
     0 | D:1      | dajomu the Minotaur Fighter began the quest for the Orb.
     0 | D:1      | Reached XP level 1. HP: 19/19 MP: 0/0
   235 | D:1      | Reached XP level 2. HP: 27/27 MP: 1/1
   809 | D:2      | Reached XP level 3. HP: 33/33 MP: 2/2
   934 | D:2      | Found a faded altar of an unknown god.
   944 | D:2      | Became a worshipper of Gozag Ym Sagoz the Greedy
   990 | D:2      | Noticed Robin
   996 | D:2      | Reached skill level 3 in Long Blades
  1027 | D:2      | Killed Robin
  1027 | D:2      | Reached XP level 4. HP: 37/40 MP: 3/3
  1600 | D:3      | Reached skill level 4 in Long Blades
  1636 | D:3      | Reached skill level 1 in Dodging
  1636 | D:3      | Reached XP level 5. HP: 35/46 MP: 4/4
  1859 | D:3      | Found a glowing silver altar of Zin.
  1859 | D:3      | Found a deep blue altar of Sif Muna.
  1859 | D:3      | Found a blossoming altar of Fedhas.
  1859 | D:3      | Found a hazy altar of Hepliaklqana.
  1865 | D:3      | Found a sparkling altar of Nemelex Xobeh.
  1865 | D:3      | Found an iron altar of Okawaru.
  2286 | D:4      | Noticed an ogre
  2301 | D:4      | Killed an ogre
  2333 | D:4      | Noticed dajomu's ghost (amateur HEFi)
  2351 | D:4      | Killed dajomu's ghost
  2351 | D:4      | Reached skill level 5 in Long Blades
  2351 | D:4      | Reached skill level 5 in Shields
  2351 | D:4      | Reached XP level 6. HP: 47/53 MP: 5/5
  2437 | D:4      | Got a brightly glowing dagger
  2659 | D:4      | Reached skill level 5 in Armour
  3282 | D:5      | Entered Level 5 of the Dungeon
  3381 | D:5      | Reached skill level 5 in Fighting
  3400 | D:5      | Reached XP level 7. HP: 47/61 MP: 6/6
  3518 | D:5      | Reached skill level 6 in Long Blades
  3593 | D:5      | Got an ancient leather armour
  3626 | D:5      | Identified the +4 leather armour "Zuawn" {*Contam MP+9 Dex+4 SInv} (You found it on level 5 of the Dungeon)
  4144 | D:6      | Noticed Menkaure
  4160 | D:5      | Killed Menkaure
  4221 | D:6      | Reached skill level 7 in Long Blades
  4339 | D:6      | Reached XP level 8. HP: 67/69 MP: 7/7
  4454 | D:6      | Found a glowing drain.
  4478 | Sewer    | Entered a sewer
  4916 | D:6      | Reached skill level 1 in Stealth
  5434 | D:6      | Reached skill level 8 in Long Blades
  5997 | D:7      | Identified the +10 dagger "Kipt" {pain, rC+ rN+ MP+9} (You found it on level 4 of the Dungeon)
  6073 | D:7      | Reached XP level 9. HP: 78/78 MP: 8/8
  6281 | D:7      | Found a snail-covered altar of Cheibriados.
  6320 | D:7      | Found a staircase to the Ecumenical Temple.
  6341 | Temple   | Entered the Ecumenical Temple
  6747 | Temple   | Fell from the grace of Gozag
  6747 | Temple   | Became a worshipper of Makhleb the Destroyer
  6754 | Temple   | Gained mutation: You are covered in fur. (AC +1) [potion of mutation]
  6754 | Temple   | Gained mutation: Your spells are a little harder to cast, but a little more powerful. [potion of mutation]
  6754 | Temple   | Gained mutation: Your body sometimes deteriorates upon taking damage. [potion of mutation]
  6812 | D:8      | Noticed a six-headed hydra
  6826 | D:8      | Killed a six-headed hydra
  6826 | D:8      | Reached skill level 9 in Long Blades
  7135 | D:8      | Found a staircase to the Lair.
  7157 | Lair:1   | Entered Level 1 of the Lair of Beasts
  7157 | Lair:1   | Noticed Fannar
  7223 | Lair:1   | Killed Fannar
  7223 | Lair:1   | Reached skill level 1 in Evocations
  7447 | Lair:1   | Reached skill level 10 in Long Blades
  7459 | Lair:1   | Reached XP level 10. HP: 59/86 MP: 10/10
  7470 | Lair:1   | Noticed Erica
  7475 | Lair:1   | HP: 2/86 [wolf (9)]
  7878 | Lair:1   | Slain by a yak

Skill      XL: |  1  2  3  4  5  6  7  8  9 |
---------------+----------------------------+-----
Shields        | 4 5 6 7 9 |  9.3
Armour         | 4 5 6 |  6.6
Long Blades    | 3 4 5 7 8 10 | 10.0
Fighting       | 4 5 6 7 |  7.4
Dodging        | 1 2 3 4 |  4.9
Stealth        | 1 2 |  2.6
Short Blades   | 2 |  2.8
Evocations     | 1 |  1.6

Action                   |  1- 3 |  4- 6 |  7- 9 | 10-12 || total
-------------------------+-------+-------+-------+-------++-------
Melee: Long sword        |    73 |   125 |   243 |       ||   441
       Headbutt          |     9 |    28 |    75 |     5 ||   117
       Dagger            |       |       |   108 |    25 ||   133
Invok: Potion Petition   |     1 |       |       |       ||     1
Evoke: Wand              |       |       |    10 |     1 ||    11
  Use: Potion            |     3 |       |     3 |       ||     6
       Scroll            |     3 |     6 |     5 |     2 ||    16
 Stab: Distracted        |     1 |       |       |       ||     1
  Eat: Fruit             |     1 |     3 |     1 |       ||     5
       Bread ration      |       |     1 |     1 |       ||     2
       Meat ration       |       |       |     2 |       ||     2
Armor: Scale mail        |    36 |    64 |    25 |       ||   125
       Leather armour    |       |       |    76 |     5 ||    81
Dodge: Dodged            |    36 |    46 |   128 |    18 ||   228
Block: Shield            |    52 |    80 |   178 |    28 ||   338
       Rpst.: Long sword |    10 |    10 |    19 |       ||    39
